 Dungeon Crawl Stone Soup version 0.28-a0-1638-g9123634e07 (webtiles) character file.

Game seed: 1389533502985086244

156 siradein the Conjurer (level 5, 0/28 HPs)
             Began as a Deep Elf Conjurer on Jan 26, 2022.
             Succumbed to a kobold brigand's poison
             ... on level 3 of the Dungeon.
             The game lasted 00:06:10 (2902 turns).

siradein the Conjurer (Deep Elf Conjurer)           Turns: 2902, Time: 00:06:12

Health: 0/28       AC:  3    Str:  4    XL:     5   Next: 15%
Magic:  1/15       EV: 12    Int: 25    God:
Gold:   119        SH:  0    Dex:  9    Spells: 12/15 levels left

rFire   . . .      SeeInvis .   (no weapon)
rCold   + . .      Faith    .   (no shield)
rNeg    . . .      Spirit   .   a - +0 robe
rPois   +          Reflect  .   (no helmet)
rElec   .          Harm     .   e - +0 cloak
rCorr   +          Rampage  .   (no gloves)
Will    .....                   (no boots)
Stlth   ++........              (no amulet)
HPRegen 0.09/turn               g - ring of the Townfolk {+Blink rPois rC+ rCorr Dex-4}
MPRegen 0.14/turn               (no ring)

@: lethally poisoned (0 -> -2)
A: no striking features
a: Evoke Blink


You were on level 3 of the Dungeon.
You visited 1 branch of the dungeon, and saw 3 of its levels.

You collected 119 gold pieces.

Inventory:

Armour
 a - a +0 robe (worn)
 e - a +0 cloak (worn)
Jewellery
 f - a ring of ice
 g - the ring of the Townfolk (left hand) {+Blink rPois rC+ rCorr Dex-4}
   (You found it on level 2 of the Dungeon)

   [ring of protection from cold]

   Dex:       It affects your dexterity (-4).
   rC:        It protects you from cold.
   rPois:     It protects you from poison.
   +Blink:    It lets you blink.
   rCorr:     It protects you from acid and corrosion.
Scrolls
 b - a scroll of immolation {unknown}
 d - a scroll of magic mapping {unknown}
 h - a scroll of teleportation {unknown}
 i - a scroll of enchant weapon {unknown}
 j - a scroll of identify {unknown}
 k - 2 scrolls of blinking {unknown}
Potions
 c - a potion of might {unknown}


   Skills:
 - Level 2.4 Dodging
 - Level 2.4 Stealth
 + Level 5.5 Spellcasting
 + Level 5.9 Conjurations


You had 12 spell levels left.
You knew the following spells:

 Your Spells              Type           Power      Damage    Failure   Level
a - Magic Dart            Conj           100%       1d8       1%          1
b - Searing Ray           Conj           72%        2d7       1%          2

Your spell library contained the following spells:

 Spells                   Type           Power      Damage    Failure   Level
 Dazzling Flash           Conj/Hex       42%        N/A       7%          3
 Fulminant Prism          Conj/Hex       10%        3d9       22%         4
 Iskenderun's Mystic Bla  Conj/Tloc      21%        2d6       22%         4
 Frozen Ramparts          Ice            12%        1d3       24%         3
 Ice Form                 Ice/Tmut       6%         N/A       61%         4
 Summon Ice Beast         Ice/Summ       6%         N/A       61%         4


Dungeon Overview and Level Annotations

Branches:
Dungeon (3/15)

Altars:
Trog
Zin


Message History

Confirm with . or Enter, or press ? or * to list all spells.
Aiming: Searing Ray (safe; 1% risk of failure)
Press: ? - help, Shift-Dir - straight line, f/p - kobold brigand
Aim: a kobold brigand, wielding a +0 club and quivering poisoned darts (moderately wounded, 76% to hit)
The searing ray hits the kobold brigand!
The kobold brigand is severely wounded.
The searing ray hits the kobold brigand.
The kobold brigand is moderately wounded. (Press . to maintain the ray.)
You feel sick.
The kobold brigand hits you but does no damage.
The searing ray hits the kobold brigand!
The kobold brigand is severely wounded.
You feel sick.
The kobold brigand hits you with a +0 club.
The kobold brigand misses you.
The searing ray hits the kobold brigand!
The kobold brigand is almost dead.
You feel sick.
The kobold brigand completely misses you.
The kobold brigand hits you with a +0 club.
* * * LOW HITPOINT WARNING * * *
Unknown command.
The searing ray hits the kobold brigand!
You kill the kobold brigand!
You finish channelling your searing ray.
You feel sick.
The kobold brigand hits you with a +0 club.
* * * LOW HITPOINT WARNING * * *
Your Spellcasting skill increases to level 5!
You have reached level 5!
Casting: Searing Ray (safe; 1% risk of failure)
Confirm with . or Enter, or press ? or * to list all spells.
Aiming: Searing Ray (safe; 1% risk of failure)
Press: ? - help, Shift-Dir - straight line, f - kobold brigand
Aim: a kobold brigand, wielding a +0 club and quivering poisoned darts (severely wounded, 76% to hit)
The searing ray hits the kobold brigand!
You kill the kobold brigand! (Press . to maintain the ray.)
You die...

....≈≈≈≈#).#.............
...#..≈≈##..#.............
....#..≈≈#..#######.#......
####.#..≈##..# ##.###.####
... #..### #.## ##.# ###
#..#≈# ##.###.##
#..#≈######.#.## ##
#..#≈≈........# .##
##)@#≈≈≈#####.##
..############.)##≈≈≈......#
.............#..#≈≈≈≈...##.#
..############..##≈≈≈.#.##.#
.## ##).#≈≈≈...##.# ##
#..##≈.......###### ##.
#≈.)....#......
..#......###.####
####..#.#.## #


There were no monsters in sight!

Vanquished Creatures
  2 kobold brigands (D:3)
  3 adders
  A dart slug (D:3)
  4 ball pythons
  3 endoplasms
  A giant cockroach (D:1)
  5 goblins
  6 hobgoblins
  4 jackals (D:1)
  10 kobolds
  3 quokkas (D:1)
  5 bats
  4 rats
51 creatures vanquished.

Notes
Turn   | Place    | Note
-------+----------+-------------------------------------------
     0 | D:1      | siradein the Deep Elf Conjurer began the quest for the Orb.
     0 | D:1      | Reached XP level 1. HP: 10/10 MP: 6/6
   293 | D:1      | Reached XP level 2. HP: 15/15 MP: 5/8
   555 | D:1      | Found a faded altar of an unknown god.
   935 | D:1      | Reached skill level 5 in Conjurations
   935 | D:1      | Reached XP level 3. HP: 19/19 MP: 8/10
  1269 | D:1      | Learned a level 2 spell: Searing Ray
  1786 | D:2      | Identified the ring of the Townfolk {+Blink rPois rC+ rCorr
                  | Dex-4}
  2098 | D:3      | Found a bloodstained altar of Trog.
  2130 | D:3      | Reached XP level 4. HP: 20/24 MP: 7/12
  2245 | D:3      | Found a glowing silver altar of Zin.
  2891 | D:3      | Noticed a kobold brigand
  2891 | D:3      | Noticed a kobold brigand
  2901 | D:3      | Killed a kobold brigand
  2901 | D:3      | HP: 1/24 [kobold brigand (5)]
  2902 | D:3      | Reached skill level 5 in Spellcasting
  2902 | D:3      | Reached XP level 5. HP: 1/28 MP: 3/15
  2902 | D:3      | Succumbed to a kobold brigand's poison

Illustrated notes

Levels and vault maps discovered:
D:1:      dpeg_arrival_three_same_balls, layout_loops_ring,
          shapermc_ecumenical_altar_venn, minmay_crystal_room,
          patterned_corridor
D:2:      layout_loops_ring
D:3:      cheibrodos_thug_alley, layout_loops_cross,
          mainiacjoe_overflow_big_doors

Skill      XL: |  1  2  3  4 |
---------------+-------------+-----
Spellcasting   | 4 5 |  5.5
Conjurations   | 5 |  5.9
Dodging        | |  2.4
Stealth        | |  2.4

Action                   |  1- 3 |  4- 6 || total
-------------------------+-------+-------++-------
 Cast: Magic Dart        |    69 |    24 ||    93
       Searing Ray       |     1 |     3 ||     4
Armor: Robe              |     5 |     2 ||     7
Dodge: Dodged            |     9 |     5 ||    14

Table legend: (Time is in decaauts)
 A = Elapsed time spent in this place.
 B = Non-inter-level travel time spent in this place.
 C = Inter-level travel time spent in this place.
 D = Time resting spent in this place.
 E = Time spent auto-exploring this place.
 F = Levels seen in this place.
 G = Mean time per level.
                   A        B        C        D        E       F      G
               +--------+--------+--------+--------+--------+-----+--------+
         Total |   2908 |   2808 |    100 |      0 |   2470 |   3 |  969.3 |
       Dungeon |   2908 |   2808 |    100 |      0 |   2470 |   3 |  969.3 |
               +--------+--------+--------+--------+--------+-----+--------+

Top non-repeatable levels by time:
     D:1: 1305 daAuts
     D:2: 823 daAuts
     D:3: 779 daAuts
